AoeStats
← NuMa | Jomaro

Golden Pit

509190869Analyzed
1v1 RM · 8d ago on Sep 25, 2026· 43m 11s· 2 players
Game mode
Random Map
Map size
Tiny (2 player)
Population
200
Speed
Normal
Resources
Standard
Victory
Conquest
Starting age
Dark Age
Ending age
Imperial Age
RankedLock teamsTeams togetherTeam positionsShared explorationLock speedFull tech treeHidden civsTurbo modeCheats
Victory
Defeat
🇩🇿 Berbers · Algeria
972
+16
🇨🇴 Vikings · Colombia
968
-16
NuMa | Jomaro
6:21 Loom
8:38 Feudal Age
9:49 Man-at-Arms
17:11 Arson
21:30 Forging
21:22 Scale Mail Armor
24:31 Castle Age
22:33 Gold Mining
25:41 Fletching
25:52 Padded Archer Armor
25:17 Crossbowman
26:45 Gold Shaft Mining
27:55 Bodkin Arrow
28:16 Leather Archer Armor
28:33 Double-Bit Axe
30:04 Ballistics
Skouz
9:59 Feudal Age
10:33 Double-Bit Axe
17:45 Fletching
23:16 Castle Age
22:00 Bloodlines
23:48 Padded Archer Armor
27:55 Town Watch
29:43 Wheelbarrow
32:48 Elite Skirmisher
34:01 Town Watch
35:06 Horse Collar
38:01 Loom
38:23 Gold Mining
42:50 Imperial Age
43:14 Forging
43:13 Scale Barding Armor
Connection lost

Rejoining the realm…

Still unreachable

The connection could not be restored.

Session expired

The server has moved on; the page needs a fresh start.